 Dungeon Crawl Stone Soup version 0.27.0-1-g7a089689b8 (webtiles) character file.

Game seed: 12996969520348526146

178 pkoi the Covered (level 5, -3/47 HPs)
             Began as a Minotaur Fighter on Aug 17, 2021.
             Was a Believer of Fedhas.
             Slain by Sigmund (6 damage)
             ... on level 3 of the Dungeon.
             The game lasted 00:02:15 (1422 turns).

pkoi the Covered (Minotaur Fighter)                 Turns: 1422, Time: 00:02:15

Health: -3/47      AC: 10    Str: 21    XL:     5   Next: 32%
Magic:  4/4        EV:  5    Int:  5    God:    Fedhas [**....]
Gold:   129        SH: 10    Dex: 16    Spells: 4/4 levels left

rFire    . . .     SeeInvis .   a - +0 flail
rCold    . . .     Faith    .   c - +0 kite shield
rNeg     . . .     Spirit   .   j - +1 chain mail {rPois}
rPois    +         Reflect  .   (helmet restricted)
rElec    .         Harm     .   (no cloak)
rCorr    .         Rampage  .   (no gloves)
Will     .....                  (no boots)
Stlth    ..........             (no amulet)
HPRegen  0.15/turn              h - +6 ring of dexterity
MPRegen  0.09/turn              (no ring)

@: no status effects
A: horns 2, retaliatory headbutt
a: Renounce Religion, Wall of Briars


You were on level 3 of the Dungeon.
You worshipped Fedhas.
Fedhas was pleased with you.
You visited 1 branch of the dungeon, and saw 3 of its levels.

You collected 129 gold pieces.

Inventory:

Hand Weapons
 a - a +0 flail (weapon)
Armour
 c - a +0 kite shield (worn)
 j - a +1 chain mail of poison resistance (worn)
Jewellery
 h - a +6 ring of dexterity (left hand)
Potions
 d - a potion of might
 e - 2 potions of degeneration {unknown}
 f - 2 potions of berserk rage {unknown}
 g - 2 potions of mutation {unknown}
 i - a potion of brilliance {unknown}


   Skills:
 + Level 4.7 Fighting
 + Level 3.7 Maces & Flails
 + Level 4.7 Armour
 + Level 4.7 Shields
 + Level 1.2 Invocations


You had 4 spell levels left.
You didn't know any spells.
Your spell library contained the following spells:

 Spells                   Type           Power      Damage    Failure   Level
 Animate Skeleton         Necr           0%         N/A       100%        1
 Apportation              Tloc           0%         N/A       100%        1
 Corona                   Hex            0%         N/A       100%        1
 Summon Small Mammal      Summ           0%         N/A       100%        1
 Ensorcelled Hibernation  Hex/Ice        0%         N/A       100%        2
 Tukima's Dance           Hex            0%         N/A       100%        3


Dungeon Overview and Level Annotations

Branches:
Dungeon (3/15)

Altars:
Fedhas

Shops:
D:1 [

Annotations:
D:3 Sigmund


Innate Abilities, Weirdness & Mutations

You have a pair of horns on your head.
You reflexively headbutt those who attack you in melee.


Message History

You closely miss the kobold. You block the kobold's attack.
You hit the kobold but do no damage. You headbutt the kobold.
The kobold is severely wounded.
The kobold hits you but does no damage. Something hits you!
The kobold hits you with a +0 dagger.
You barely miss the kobold. Your headbutt misses the kobold.
The kobold is severely wounded.
Something hits you but does no damage. You block the kobold's attack.
Your chain mail prevents you from hitting the kobold.
You headbutt the kobold.
You kill the kobold!
Fedhas appreciates your contribution to the ecosystem.
Something hits you but does no damage. Something hits you.
You are too injured to fight recklessly!
You are too injured to fight recklessly!
Something hits you.
Things that are here:
a +0 dagger; a kobold corpse You closely miss something.
Something hits you.
* * * LOW HITPOINT WARNING * * *
You hit something.
You hear some strange, mumbled words.
A puff of flame appears from out of thin air!
The puff of flame hits you.
* * * LOW HITPOINT WARNING * * *
Something hits you but does no damage.
You miss something. You headbutt something.
You hear some strange, mumbled words.
A puff of flame appears from out of thin air!
You block the puff of flame.
You hit something. Something hits you.
* * * LOW HITPOINT WARNING * * *
Something hits you but does no damage.
You sock something! You block something's attack.
You miss something. You headbutt something. You block something's attack.
You miss something. Something hits you.
* * * LOW HITPOINT WARNING * * *
Something hits you.
You die...
Fedhas appreciates your contribution to the ecosystem.

##......##†...#
#.#
##....######..#
#.# ###### ##.#
#.# #..# ##'######
#.###..†....#
######..##....!..#
#.........##'##..#
#........†# ..#
... #......@..#
(.# .. #.....{.'##
..# . #.......'.#
### #.......#.#
...........
.........:..
............#
............#


There were no monsters in sight!

Vanquished Creatures
  A hound (D:3)
  Natasha (twice) (D:3)
  2 adders
  3 dart slugs
  An orc (D:3)
  7 ball pythons
  4 endoplasms
  13 giant cockroaches
  3 goblins (D:1)
  5 hobgoblins
  7 jackals
  4 kobolds
  5 quokkas
  2 bats
  4 frilled lizards
  5 rats
68 creatures vanquished.

Notes
Turn   | Place    | Note
-------+----------+-------------------------------------------
     0 | D:1      | pkoi the Minotaur Fighter began the quest for the Orb.
     0 | D:1      | Reached XP level 1. HP: 19/19 MP: 0/0
    68 | D:1      | Reached XP level 2. HP: 27/27 MP: 1/1
   123 | D:1      | Found Fixkoluk's Antique Armour Emporium.
   308 | D:1      | Found a faded altar of an unknown god.
   312 | D:1      | Became a worshipper of Fedhas Madash
   312 | D:1      | Reached * piety under Fedhas
   497 | D:1      | Reached XP level 3. HP: 33/33 MP: 2/2
   754 | D:2      | Reached ** piety under Fedhas
  1217 | D:3      | Noticed Natasha
  1219 | D:3      | Killed Natasha
  1220 | D:3      | Reached XP level 4. HP: 41/41 MP: 3/3
  1292 | D:3      | Reached skill level 1 in Invocations
  1292 | D:3      | Reached XP level 5. HP: 45/47 MP: 4/4
  1402 | D:3      | Noticed Natasha
  1407 | D:3      | Noticed Sigmund
  1409 | D:3      | Killed Natasha
  1422 | D:3      | Slain by Sigmund

Illustrated notes

Levels and vault maps discovered:
D:1:      lightli_iron_boxes, layout_loops_cross,
          chequers_ecumenical_altar_simple_redux, serial_shops, shop,
          minmay_misc_feat_encased
D:2:      layout_rooms
D:3:      minmay_roachtagon, layout_basic, ebering_ghost_sewer_d,
          minmay_tree_intersection, chequers_serial_rivers_room_a,
          hangedman_glass_teeth, eino_tiny_chamber, uniq_sigmund, uniq_natasha

Skill      XL: |  1  2  3  4 |
---------------+-------------+-----
Armour         | 4 |  4.7
Fighting       | 4 |  4.7
Shields        | 4 |  4.7
Maces & Flails | 3 |  3.7
Invocations    | 1 |  1.2

Action                   |  1- 3 |  4- 6 || total
-------------------------+-------+-------++-------
Melee: Flail             |    98 |    48 ||   146
       Headbutt          |    25 |    13 ||    38
  Use: Scroll            |     2 |     2 ||     4
Armor: Scale mail        |    12 |       ||    12
       Chain mail        |    41 |    27 ||    68
Dodge: Dodged            |    32 |     9 ||    41
Block: Kite shield       |    53 |    28 ||    81
